 Dungeon Crawl Stone Soup version 0.31.0-1-g2c135a008e (webtiles) character file.

Game seed: 9272920129183800480

277 qw the Shooter (level 6, -1/46 HPs)
             Began as a Djinni Hunter on Jan 23, 2024.
             Slain by a goblin
             ... wielding a +0 club
             ... led by Robin
              (3 damage)
             ... on level 3 of the Dungeon.
             The game lasted 00:00:08 (1832 turns).

qw the Shooter (Djinni Hunter)                      Turns: 1832, Time: 00:00:09

Health: -1/46      AC:  3    Str: 16    XL:     6   Next: 50%
Gold:   162        EV: 13    Int: 10    God:
                   SH:  0    Dex: 19

rFire   + + .        a - +0 shortbow
rCold   x . .        (shield currently unavailable)
rNeg    . . .        c - +0 leather armour
rPois   inf          (no helmet)
rElec   .            (no cloak)
rCorr   .            (no gloves)
SInv    .            (boots unavailable)
Will    .....        (no amulet)
Stlth   ++           b - +6 ring of strength
HPRegen 0.27/turn    (no ring)
MPRegen 0.00/turn

%: infuse magic (-2 HP)
@: flying
A: sickness immunity, fire resistance 2, cold vulnerability 1, float, innate
caster, HP casting, extra vitality 1
a: no special abilities


You were on level 3 of the Dungeon.
You visited 1 branch of the dungeon, and saw 3 of its levels.

You collected 162 gold pieces.


Innate Abilities, Weirdness & Mutations

You are immune to sickness and miasma.
You are immune to poison.
Your flesh is very heat resistant. (rF++)
You are vulnerable to cold. (rC-)
You float through the air rather than walking.
You learn spells naturally, not from books.
Your magical power is your life essence.
You have superior vitality. (+4 MHP)


   Skills:
 + Level 3.2 Fighting
 - Level 5.4 Ranged Weapons
 - Level 3.0 Dodging
 - Level 0.7 Stealth


You knew the following spells:

 Your Spells              Type           Power      Damage    Failure   Level
a - Slow                  Hex            0%         N/A       43%         1
b - Momentum Strike       Conj/Tloc      0%         3d8       56%         2
Your spell library was empty.

Inventory:

Hand Weapons
 a - a +0 shortbow (weapon)
Armour
 c - a +0 leather armour (worn)
 l - a +2 robe of cold resistance
Jewellery
 b - a +6 ring of strength (left hand)
Wands
 i - a wand of quicksilver (2)
 m - a wand of polymorph (9)
Scrolls
 j - a scroll of enchant armour {unknown}
 k - a scroll of blinking {unknown}
Potions
 d - a potion of resistance
 e - a potion of mutation {unknown}
 f - 2 potions of degeneration {unknown}
 g - a potion of curing
 h - a potion of heal wounds {unknown}

Dungeon Overview and Level Annotations

Branches:
Dungeon (3/15)

Altars:
Gozag
The Shining One

Annotations:
D:3 Robin


Message History

A goblin comes into view. It is wielding a +0 club.
You shoot an arrow. The arrow closely misses the goblin.
The goblin hits you with a +2 dagger of protection.
A goblin comes into view. It is wielding a +0 dagger.
Robin roars a battlecry!
The goblins go into a battle-frenzy!
The goblin barely misses you.
You shoot an arrow.
The arrow hits the goblin but does no damage.
The goblin hits you with a +2 dagger of protection.
The goblin closely misses you.
You shoot an arrow.
The arrow hits the goblin but does no damage.
The goblin hits you with a +2 dagger of protection.
The goblin misses you.
You shoot an arrow. The arrow barely misses the goblin.
The goblin barely misses you. The goblin hits you with a +0 club.
The goblin misses you.
You shoot an arrow.
The arrow hits the goblin but does no damage.
The goblin hits you with a +2 dagger of protection.
The goblin barely misses you.
You shoot an arrow. The arrow barely misses the goblin.
Robin says, "Bow before me, strongest of all the hobgoblins!"
The goblin hits you with a +2 dagger of protection!
The goblin hits you with a +0 club. The goblin closely misses you.
You shoot an arrow. The arrow hits the goblin.
You kill the goblin!
Robin throws the goblin at you! The goblin barely misses you.
The goblin closely misses you. The goblin barely misses you.
You shoot an arrow. The arrow barely misses the goblin.
The goblin barely misses you. The goblin hits you but does no damage.
The goblin closely misses you. The goblin hits you with a +0 club.
The goblin hits you with a +2 dagger of protection.
Robin throws the goblin at you! The goblin closely misses you.
The goblin hits you with a +2 dagger of protection.
The goblin barely misses you. x2; The goblin completely misses you.
You shoot an arrow. The arrow closely misses the goblin.
The goblin hits you with a +0 club.
You die...

#### ###########
#~~# ..)...g...#
#~~# ....).ggg.#
#~~#### #@g.#
#~~...##########gg.#
#~~...#............#
#~~...#.......:....#
#~~.)##'##.....##'##
#~~).#...#.....#...#
#~~..#...#.....#...#
#~~..#...#.....#...#
#~~..##'##.....##'##


You could see Robin and 6 goblins.

Vanquished Creatures
  Sigmund (D:3)
  5 adders
  An orc (D:3)
  4 ball pythons
  4 bats
  5 endoplasms
  4 giant cockroaches
  12 goblins
  4 hobgoblins
  7 jackals
  3 quokkas (D:2)
  7 frilled lizards
  5 kobolds
  2 rats
64 creatures vanquished.

Notes
Turn   | Place    | Note
-------+----------+-------------------------------------------
     0 | D:1      | qw the Djinni Hunter began the quest for the Orb.
     0 | D:1      | Reached XP level 1. HP: 18/18 MP: 0/0
     0 | D:1      | 0 ||| qw: Version: 0.3-a-132-g3d54051
     0 | D:1      | 0 ||| qw: Game counter: 580
     0 | D:1      | 0 ||| qw: Melee chars always use a shield: true
     0 | D:1      | 0 ||| qw: God list: Okawaru
     0 | D:1      | 0 ||| qw: Allow faded altars: false
     0 | D:1      | 0 ||| qw: Do Orc after clearing Dungeon:15 true
     0 | D:1      | 0 ||| qw: Do second Lair branch before Depths: true
     0 | D:1      | 0 ||| qw: Lair rune preference: random
     0 | D:1      | 0 ||| qw: Goals: Normal
     0 | D:1      | 0 ||| PLANNING D:1-11
    76 | D:1      | Reached XP level 2. HP: 23/23 MP: 0/0
   541 | D:1      | 541 ||| READING scroll labelled PEAQEQYCVI.
   542 | D:1      | 542 ||| DRINKING 2 fizzy green potions.
   543 | D:1      | 543 ||| DROPPING scroll of butterflies.
   573 | D:2      | Reached skill level 4 in Ranged Weapons
   573 | D:2      | Reached XP level 3. HP: 28/28 MP: 0/0
   573 | D:2      | Learned a level 1 spell: Slow
   728 | D:2      | 728 ||| FLEEEEING.
   753 | D:2      | Found a faded altar of an unknown god.
   845 | D:2      | Reached skill level 3 in Fighting
   845 | D:2      | Reached XP level 4. HP: 35/35 MP: 0/0
  1167 | D:2      | 1167 ||| UPGRADING to +6 ring of strength.
  1168 | D:2      | 1168 ||| READING scroll labelled PUURUCA KIHAINAO.
  1229 | D:2      | 1229 ||| DRINKING 2 black potions.
  1384 | D:3      | Found an opulent altar of Gozag.
  1460 | D:3      | Reached skill level 3 in Dodging
  1542 | D:3      | Found a glowing golden altar of the Shining One.
  1570 | D:3      | Reached XP level 5. HP: 40/40 MP: 0/0
  1570 | D:3      | Learned a level 2 spell: Momentum Strike
  1585 | D:3      | Noticed Sigmund
  1586 | D:3      | 1586 ||| ZAPPING wand of quicksilver (4) at 2,-3 (Sigmund;
                  | floor).
  1587 | D:3      | 1587 ||| ZAPPING wand of quicksilver (3) at 1,-2 (Sigmund;
                  | floor).
  1587 | D:3      | Killed Sigmund
  1588 | D:3      | Reached skill level 5 in Ranged Weapons
  1588 | D:3      | Reached XP level 6. HP: 46/46 MP: 0/0
  1679 | D:3      | 1679 ||| FLEEEEING.
  1821 | D:3      | Noticed Robin
  1831 | D:3      | HP: 8/46 [goblin/+2 dagger of protection[Robin] (6)]
  1831 | D:3      | HP: 2/46 [goblin/+2 dagger of protection[Robin] (6)]
  1832 | D:3      | Slain by a goblin

Levels and vault maps discovered:
D:1:      amcnicky_arrival_wind_blow, layout_basic
D:2:      layout_rooms, shapermc_ecumenical_altar_flowoftime
D:3:      kennysheep_goblin_castle, layout_basic,
          mainiacjoe_overflow_six_doors_small, mainiacjoe_overflow_chevrons,
          uniq_sigmund

Skill      XL: |  1  2  3  4  5 |
---------------+----------------+-----
Ranged Weapons | 4 5 |  5.4
Fighting       | 3 |  3.2
Dodging        | 3 |  3.0
Stealth        | |  0.7

Action                     |  1- 3 |  4- 6 || total
---------------------------+-------+-------++-------
   Fire: Shortbow          |    78 |    91 ||   169
  Evoke: Wand              |       |     2 ||     2
    Use: Scroll            |     1 |     1 ||     2
         Potion            |     1 |     1 ||     2
 Armour: Leather armour    |    14 |    37 ||    51
  Dodge: Dodged            |    14 |    41 ||    55

Table legend:
 A = Non-vault XP
 B = Vault XP
 C = Vault XP percentage of total XP
 D = Non-vault monster count
 E = Vault monster count
 F = Vault count percentage of total count
                 A         B        C        D         E       F
            +---------+---------+-------+---------+---------+-------
      Total |     142 |     254 |  64.1 |      50 |      14 |  21.9
            +---------+---------+-------+---------+---------+-------
        D:1 |      25 |       0 |   0.0 |      15 |       0 |   0.0
        D:2 |      56 |       0 |   0.0 |      20 |       0 |   0.0
        D:3 |      61 |     254 |  80.6 |      15 |      14 |  48.3
            +---------+---------+-------+---------+---------+-------
